 Dungeon Crawl Stone Soup version 0.20.1-1-g8b1a95d (webtiles) character file.

92008 JustSomeDude the Imperceptible (level 15, 0/114 HPs)
             Began as a Vampire Assassin on Aug 26, 2017.
             Was the Champion of Dithmenos.
             Slain by Dustman's ghost (7 damage)
             ... on level 2 of the Orcish Mines on Aug 28, 2017.
             The game lasted 02:18:18 (29220 turns).

JustSomeDude the Imperceptible (Vampire Assassin)  Turns: 29220, Time: 02:18:19

Health: 0/114      AC: 19    Str: 11    XL:     15   Next: 56%
Magic:  19/19      EV: 21    Int: 14    God:    Dithmenos [******]
Gold:   1260       SH:  0    Dex: 21    Spells: 15/18 levels left

rFire    + + .     SeeInvis +   C - +2 short sword (elec)
rCold    + . .     Gourm    .   (no shield)
rNeg     + + .     Faith    .   d - +0 fire dragon scales
rPois    +         Spirit   .   y - +0 helmet
rElec    .         Reflect  .   W - +2 cloak
rCorr    .         Harm     .   H - +0 pair of gloves
MR       +....                  (no boots)
Stlth    ++++++++++             o - amulet "Asosut" {RegenMP rC+}
Regen    0.2/turn               r - +6 ring of evasion
MPRegen  0.3/turn               x - +2 ring of protection

@: regenerating slowly, wreathed by umbra
A: fangs 3, slimy green scales 1, see invisible, berserk 1, unbreathing
a: Bat Form, Shadow Step, Shadow Form, Renounce Religion


You were on level 2 of the Orcish Mines.
You worshipped Dithmenos.
Dithmenos was exalted by your worship.
You were thirsty.

You visited 5 branches of the dungeon, and saw 23 of its levels.
You also visited: Ice Cave.

You collected 2058 gold pieces.
You spent 798 gold pieces at shops.

Inventory:

Hand Weapons
 a - a +2 dagger of piercing
 b - a +0 blowgun
 g - a +1 short sword of draining
 C - a +2 short sword of electrocution (weapon)
Missiles
 e - 64 poisoned needles
 f - 20 curare-tipped needles
 S - 3 exploding tomahawks (quivered)
Armour
 d - +0 fire dragon scales (worn)
 y - a +0 helmet (worn)
 D - a +0 robe of fire resistance
 H - a +0 pair of gloves (worn)
 T - +0 acid dragon scales
 W - a +2 cloak (worn)
Jewellery
 n - an uncursed amulet of magic regeneration {unknown}
 o - the amulet "Asosut" (around neck) {RegenMP rC+}
   (You found it on level 13 of the Dungeon)

   [amulet of magic regeneration]

   It increases your magic regeneration.
   It protects you from cold.
 r - a +6 ring of evasion (left hand)
 x - a +2 ring of protection (right hand)
 G - an uncursed amulet of the gourmand {unknown}
Wands
 u - a wand of confusion (28/48)
 A - a wand of confusion (29/48)
 I - a wand of iceblast (6/15)
 M - a wand of scattershot (3/9)
 N - a wand of paralysis (10/24)
 O - a wand of polymorph (8/24)
 P - a wand of confusion (15/48)
 V - a wand of polymorph (7/24)
Scrolls
 h - 4 scrolls of enchant armour
 k - 13 scrolls of remove curse
 l - 2 scrolls of magic mapping
 p - 4 scrolls of enchant weapon
 q - 9 scrolls of teleportation
 w - 9 scrolls of identify
 F - a scroll of amnesia
 K - 2 scrolls of fog
 Q - a scroll of recharging
Potions
 c - a potion of curing
 i - a potion of berserk rage
 m - 25 potions of blood
 s - 3 potions of brilliance
 z - a potion of flight
 J - 3 potions of mutation
Books
 v - a book of Misfortune

   Spells                             Type                      Level
   a - Confusing Touch                Hexes                        1
   b - Confuse                        Hexes                        3
   c - Gell's Gravitas                Translocation                3
   d - Petrify                        Transmutation/Earth          4
   e - Metabolic Englaciation         Hexes/Ice                    5
   f - Yara's Violent Unravelling     Hexes/Transmutation          5
 B - a book of Callings

   Spells                             Type                      Level
   a - Summon Small Mammal            Summoning                    1
   b - Call Imp                       Summoning                    2
   c - Call Canine Familiar           Summoning                    3
   d - Summon Guardian Golem          Hexes/Summoning              3
   e - Summon Lightning Spire         Summoning/Air                4
   f - Summon Ice Beast               Ice/Summoning                4
 U - a book of the Dragon

   Spells                             Type                      Level
   a - Flame Tongue                   Conjuration/Fire             1
   b - Cause Fear                     Hexes                        4
   c - Bolt of Fire                   Conjuration/Fire             6
   d - Dragon Form                    Transmutation                7
   e - Dragon's Call                  Summoning                    9
Miscellaneous
 j - a phial of floods (inert)
 L - a lightning rod (1/4)
 R - a phantom mirror


   Skills:
 + Level 9.5 Fighting
 + Level 13.4 Short Blades
 + Level 2.3 Throwing
 + Level 5.8 Armour
 + Level 12.1 Dodging
 + Level 23.3 Stealth
 + Level 2.4 Spellcasting
 + Level 8.5 Hexes
 * Level 6.1 Invocations
 + Level 1.9 Evocations


You had 15 spell levels left.
You knew the following spells:

 Your Spells              Type           Power        Failure   Level  Hunger
a - Confuse               Hex            ####....     14%         3    ###....


Dungeon Overview and Level Annotations

Branches:
Dungeon (15/15)            Temple (0/1) D:6            Lair (3/6) D:10
 Spider (2/4) Lair:3          Orc (2/2) D:9             Elf (0/3) Orc:2
 Vaults (0/5) D:14         Depths (1/5) D:15
  Swamp: Lair:2-4    Shoals: Lair:2-4

Altars:
Dithmenos
Fedhas
Kikubaaqudgha
Makhleb
Okawaru
Trog
Uskayaw
The Shining One
Beogh

Shops:
D:5 !   D:9 [   D:11 (   Orc:1 *   Orc:2 ***[(

Annotations:
D:4 1 runed door
D:11 exclusions: ice statue and obsidian statue
D:14 feelmyfire's ghost, journeyman DrGl
Lair:2 exclusion: 4 oklob plants
Spider:2 Arachne
Orc:2 Dustman's ghost, journeyman HOMo


Innate Abilities, Weirdness & Mutations

You heal slowly.
You have razor-sharp teeth.
You have supernaturally acute eyesight. (SInv)
You can survive without breathing.
You are partially covered in slimy green scales. (AC +2)
You tend to lose your temper in combat.


Message History

The two-headed ogre hits you but does no damage.
The two-headed ogre closely misses you.
The two-headed ogre hits you but does no damage.
Your water elemental hits the two-headed ogre!
Your water elemental hits the two-headed ogre!!
Your water elemental engulfs the two-headed ogre in water!
The two-headed ogre hits your water elemental with a giant club!
The two-headed ogre hits your water elemental with a giant spiked club!
Something hits your water elemental!
Your water elemental closely misses the two-headed ogre.
The two-headed ogre hits your water elemental with a giant club!
Your water elemental is destroyed!
There is an entrance to Baewimew's General Store here.
Dustman's ghost says, "I'll split you in two!"
There is an entrance to Nyucash's Assorted Antiques here.
Dustman's ghost whispers, "The ORB doesn't exist."
Dustman's ghost hits you!!
* * * LOW HITPOINT WARNING * * *
You emit a cloud of dark smoke.
You die...

..........#......................
.).#...#.........)...............
)..#...##...)....................
.##)).)#.........................
.##..........))..................
##.)...#.....).)..............[..
###.#.##.....).)......###..###...
#######.......§....###....###..
#.....).@§...##......##..
#)...#.§#W...##......##.. # .#
##.........).#.)).....#.. ## ..#
##......##.#..#..).....#.. .##.##
#.......####O.#........#.. .....#
#........# #..#........#.. ..#.#
##.....#.####.O#........#..
....###.......###.#.....O∩∩......
.....##......###.........∩∩......


You could see a two-headed ogre and Dustman's ghost.

Vanquished Creatures
  Frances (D:13)
  Snorg (D:12)
  An ettin (Orc:2)
  Erolcha (D:11)
  6 hydras
  Erica (D:11)
  3 ogre magi (Orc:2)
  4 centaur warriors
  23 two-headed ogres
  Urug (D:14)
  Sonja (Lair:2)
  A skeletal warrior (D:15)
  3 unseen horrors
  A spark wasp zombie (D:15)
  A flayed ghost (D:13)
  A phantasmal warrior (D:15)
  5 orc knights
  Pikel (D:6)
  3 deep elf magi
  3 orc sorcerers
  A fire giant zombie (D:15)
  A necromancer (D:15)
  3 wolf spiders
  A stone giant zombie (D:15)
  4 ugly things
  A manticore (D:14)
  3 cyclopes
  Joseph (D:9)
  A frost giant skeleton (D:15)
  Maurice (D:13)
  A centaur zombie (D:13)
  2 ice statues (IceCv)
  5 centaur skeletons
  2 gargoyles
  9 spiny frogs
  A rime drake (shapeshifter) (D:15)
  A freezing wraith (D:13)
  A kobold demonologist (D:14)
  2 efreet
  3 komodo dragons
  A yaktaur (D:13)
  11 ice devils (IceCv)
  3 anaconda simulacra (IceCv)
  7 trolls
  A guardian mummy (D:15)
  2 polar bears (D:11)
  A queen bee (Lair:2)
  4 hornets
  Grinder (D:5)
  5 jumping spiders
  10 slime creatures
  8 blink frogs (Lair:1)
  8 hippogriffs
  4 redbacks
  2 vampires (D:11)
  A shadow (D:13)
  2 tarantellas (Spider:1)
  A wyvern (shapeshifter) (D:13)
  2 dire elephant simulacra (IceCv)
  16 humans (D:14)
  A wraith (D:13)
  29 yaks
  3 vampire mosquitoes (D:15)
  3 hungry ghosts
  4 steam dragons
  Grum (D:8)
  3 basilisks
  A harpy simulacrum (IceCv)
  4 wargs
  2 acid dragons
  2 soldier ants
  3 hydra simulacra (IceCv)
  An iron troll simulacrum (IceCv)
  8 porcupines
  4 water moccasins
  21 orc warriors
  A black bear (D:8)
  4 ice beasts
  5 sky beasts
  4 slaves (D:6)
  36 ogres
  2 eyes of draining
  8 phantoms
  5 boggarts (D:15)
  A necrophage (D:13)
  2 wolves (D:8)
  10 centaurs
  4 crocodiles (Lair:1)
  2 big kobolds
  17 bullfrogs
  A wyvern zombie (D:14)
  A wyvern skeleton (D:8)
  51 killer bees
  4 scorpions
  17 wights
  5 electric eels
  3 howler monkeys
  4 crimson imps
  3 bullfrog zombies
  5 bullfrog skeletons
  3 hounds
  5 jellies
  27 orc wizards
  14 orc priests
  4 iguanas
  10 worker ants
  A hound zombie (D:7)
  2 hound skeletons
  2 howler monkey zombies
  4 gnolls (D:8)
  9 adders
  6 shadow imps
  2 oozes
  2 adder skeletons
  4 worms
  4 leopard geckos
  90 orcs
  5 bats (D:1)
  6 giant cockroaches
  9 goblins
  7 hobgoblins
  14 jackals
  7 quokkas
  3 ball pythons
  6 frilled lizards
  A jackal skeleton (D:4)
  14 kobolds
  A quokka zombie (D:8)
  6 rats
  A fungus (Lair:3)
750 creatures vanquished.

Vanquished Creatures (others)
  A sky beast (D:7)
  An orc priest (Orc:1)
  An orc (Orc:1)
  5 fungi
  4 plants
  3 withered plants (D:15)
15 creatures vanquished.

Grand Total: 765 creatures vanquished

Notes
Turn   | Place    | Note
-------+----------+-------------------------------------------
     0 | D:1      | JustSomeDude the Vampire Assassin began the quest for the Orb.
     0 | D:1      | Reached XP level 1. HP: 16/16 MP: 1/1
    47 | D:1      | Reached skill level 6 in Stealth
   195 | D:1      | Reached XP level 2. HP: 17/22 MP: 2/2
   498 | D:1      | Reached skill level 7 in Stealth
   581 | D:1      | Reached XP level 3. HP: 26/27 MP: 3/3
  1050 | D:2      | Found a burning altar of Makhleb.
  1050 | D:2      | Noticed a blizzard demon
  1254 | D:3      | Reached XP level 4. HP: 29/33 MP: 4/4
  1271 | D:3      | Found an ancient bone altar of Kikubaaqudgha.
  1921 | D:4      | Noticed a phantom
  1924 | D:4      | Killed a phantom
  1924 | D:4      | Reached skill level 8 in Stealth
  1924 | D:4      | Reached XP level 5. HP: 39/39 MP: 5/5
  1940 | D:4      | Noticed an ogre
  1947 | D:4      | Killed an ogre
  1963 | D:4      | Reached XP level 6. HP: 46/46 MP: 6/6
  2028 | D:4      | Found a shadowy altar of Dithmenos.
  2035 | D:4      | Became a worshipper of Dithmenos the Shadowed
  2210 | D:4      | Found a runed door.
  2210 | D:4      | Found a glowing golden altar of the Shining One.
  2210 | D:4      | Noticed an angel
  2272 | D:4      | Reached skill level 9 in Stealth
  2278 | D:4      | Gained mutation: You are robust. (+10% HP) [potion of mutation]
  2278 | D:4      | Gained mutation: You are agile. (Dex +2) [potion of mutation]
  2278 | D:4      | Gained mutation: You are very robust. (+20% HP) [potion of mutation]
  2370 | D:4      | Lost mutation: You are agile. (Dex +2) [potion of mutation]
  2370 | D:4      | Lost mutation: You are very robust. (+20% HP) [potion of mutation]
  2370 | D:4      | Gained mutation: Potions are less effective at restoring your health. [potion of mutation]
  2370 | D:4      | Gained mutation: Your mind is acute. (Int +2) [potion of mutation]
  2370 | D:4      | Lost mutation: Your mind is acute. (Int +2) [potion of mutation]
  2370 | D:4      | Gained mutation: Your muscles are strong. (Str +2) [potion of mutation]
  2371 | D:4      | Lost mutation: You are robust. (+10% HP) [potion of mutation]
  2371 | D:4      | Lost mutation: Potions are less effective at restoring your health. [potion of mutation]
  2371 | D:4      | Lost mutation: Your muscles are strong. (Str +2) [potion of mutation]
  2371 | D:4      | Gained mutation: Armour fits poorly on your strangely shaped body. [potion of mutation]
  2371 | D:4      | Gained mutation: You are resistant to electric shocks. (rElec) [potion of mutation]
  2371 | D:4      | Gained mutation: You are agile. (Dex +2) [potion of mutation]
  2389 | D:4      | Reached XP level 7. HP: 12/51 MP: 7/7
  2852 | D:4      | Reached skill level 5 in Short Blades
  3320 | D:5      | Entered Level 5 of the Dungeon
  4152 | D:5      | Reached * piety under Dithmenos
  4168 | D:5      | Found an iron altar of Okawaru.
  4361 | D:5      | Found a glowing golden altar of the Shining One.
  4422 | D:5      | Found Yfaptumn's Distillery.
  4425 | D:5      | Bought a potion of mutation for 120 gold pieces
  4425 | D:5      | Lost mutation: Armour fits poorly on your strangely shaped body. [potion of mutation]
  4425 | D:5      | Lost mutation: You are agile. (Dex +2) [potion of mutation]
  4425 | D:5      | Lost mutation: You are resistant to electric shocks. (rElec) [potion of mutation]
  4425 | D:5      | Gained mutation: You have sharp fingernails. [potion of mutation]
  4425 | D:5      | Gained mutation: You are frail. (-10% HP) [potion of mutation]
  4425 | D:5      | Lost mutation: You are frail. (-10% HP) [potion of mutation]
  4612 | D:5      | Noticed Grinder
  4625 | D:5      | Killed Grinder
  4625 | D:5      | Reached XP level 8. HP: 60/60 MP: 8/8
  4970 | D:6      | Noticed Pikel
  4982 | D:6      | Killed Pikel
  4982 | D:6      | Reached skill level 1 in Armour
  4982 | D:6      | Reached skill level 5 in Dodging
  4982 | D:6      | Reached skill level 10 in Stealth
  4995 | D:6      | Found a staircase to the Ecumenical Temple.
  5521 | D:8      | Reached XP level 9. HP: 66/66 MP: 9/9
  5664 | D:8      | Reached ** piety under Dithmenos
  5708 | D:8      | Reached skill level 11 in Stealth
  5897 | D:8      | Noticed a seven-headed hydra
  5902 | D:8      | Killed a seven-headed hydra
  5902 | D:8      | Reached skill level 5 in Fighting
  5902 | D:8      | Reached skill level 12 in Stealth
  5942 | D:8      | Noticed Grum
  5999 | D:8      | Reached skill level 13 in Stealth
  6058 | D:8      | Noticed a two-headed ogre
  6065 | D:8      | Killed a two-headed ogre
  6065 | D:8      | Reached XP level 10. HP: 74/74 MP: 10/10
  6326 | D:8      | Killed Grum
  6571 | D:9      | Reached skill level 14 in Stealth
  7004 | D:7      | Reached *** piety under Dithmenos
  7211 | D:7      | Found a hide-covered altar of Uskayaw.
  7578 | D:9      | Reached skill level 10 in Short Blades
  7807 | D:9      | Noticed a two-headed ogre
  7835 | D:9      | Killed a two-headed ogre
  7835 | D:9      | Reached skill level 15 in Stealth
  8014 | D:9      | Found a staircase to the Orcish Mines.
  8037 | D:9      | Noticed Joseph
  8044 | D:9      | Found a blossoming altar of Fedhas.
  8096 | D:9      | Killed Joseph
  8096 | D:9      | Reached XP level 11. HP: 78/81 MP: 11/11
  8502 | D:9      | Found Houfish's Armour Shop.
  8564 | D:9      | Reached **** piety under Dithmenos
  8861 | D:10     | Entered Level 10 of the Dungeon
  8871 | D:10     | Noticed a two-headed ogre
  8923 | D:10     | Lost mutation: You have sharp fingernails. [potion of mutation]
  8923 | D:10     | Gained mutation: You tend to lose your temper in combat. [potion of mutation]
  8923 | D:10     | Gained mutation: You are partially covered in slimy green scales. (AC +2) [potion of mutation]
  8930 | D:10     | Killed a two-headed ogre
  9170 | D:10     | Got an encrusted mace
  9224 | D:10     | Identified the +1 mace of Tender Mercy {drain, +Rage Str+7 Int-2} (You found it on level 10 of the Dungeon)
  9301 | D:10     | Noticed a two-headed ogre
  9466 | D:10     | Killed a two-headed ogre
  9611 | D:10     | Noticed a two-headed ogre
  9616 | D:10     | Paralysed by a hornet for 3 turns
  9621 | D:10     | Reached skill level 16 in Stealth
  9660 | D:10     | Killed a two-headed ogre
 10050 | D:10     | Found a staircase to the Lair.
 11195 | D:11     | Noticed an obsidian statue
 11323 | D:11     | Reached skill level 17 in Stealth
 11327 | D:11     | Reached XP level 12. HP: 83/89 MP: 12/12
 11371 | D:11     | Noticed a two-headed ogre
 11397 | D:11     | Killed a two-headed ogre
 11403 | D:11     | Found Itozosh's Weapon Shoppe.
 11637 | D:11     | Noticed Erica
 11640 | D:11     | Killed Erica
 11681 | D:11     | Reached ***** piety under Dithmenos
 11902 | D:11     | Found a bloodstained altar of Trog.
 12076 | D:11     | Learned a level 3 spell: Confuse
 12125 | D:11     | Noticed Erolcha
 12129 | D:11     | Killed Erolcha
 12129 | D:11     | Reached skill level 1 in Hexes
 12747 | D:12     | Reached skill level 1 in Spellcasting
 13104 | D:12     | Reached skill level 18 in Stealth
 13174 | D:12     | Noticed an eight-headed hydra
 13179 | D:12     | Killed an eight-headed hydra
 13222 | D:12     | Noticed Snorg
 13232 | D:12     | Killed Snorg
 13385 | D:12     | Noticed a six-headed hydra
 13389 | D:12     | Killed a six-headed hydra
 13576 | D:12     | Reached XP level 13. HP: 98/98 MP: 16/16
 13702 | D:13     | Reached skill level 5 in Hexes
 13999 | D:13     | Reached skill level 19 in Stealth
 14160 | D:13     | Reached skill level 10 in Dodging
 14194 | D:13     | Got a scorched copper amulet
 14243 | D:13     | Identified the amulet "Asosut" {RegenMP rC+} (You found it on level 13 of the Dungeon)
 14546 | D:13     | Noticed Maurice
 14551 | D:13     | Killed Maurice
 14621 | D:13     | Noticed Frances
 14627 | D:13     | Killed Frances
 14641 | D:13     | Reached ****** piety under Dithmenos
 14641 | D:13     | Reached skill level 1 in Evocations
 14915 | D:14     | Found a gate to the Vaults.
 14915 | D:14     | Noticed Urug
 14931 | D:14     | Reached skill level 20 in Stealth
 14938 | D:14     | Killed Urug
 15061 | D:14     | Noticed feelmyfire's ghost (journeyman DrGl)
 15782 | D:14     | Reached skill level 5 in Armour
 16084 | D:14     | Reached skill level 21 in Stealth
 16185 | D:14     | Reached skill level 1 in Invocations
 16487 | Orc:1    | Entered Level 1 of the Orcish Mines
 16541 | Lair:1   | Entered Level 1 of the Lair of Beasts
 16542 | Lair:1   | Reached XP level 14. HP: 105/105 MP: 17/17
 18163 | Lair:2   | Noticed Sonja
 18180 | Lair:2   | Killed Sonja
 18999 | Lair:3   | Found a hole to the Spider Nest.
 19677 | Spider:1 | Entered Level 1 of the Spider Nest
 19695 | Spider:1 | Reached skill level 22 in Stealth
 19784 | Spider:2 | Found a frozen archway.
 19796 | Spider:2 | Noticed Arachne
 19821 | IceCv    | Entered an ice cave
 21866 | IceCv    | Noticed an Ice Fiend
 22780 | D:15     | Entered Level 15 of the Dungeon
 23264 | D:15     | Found a staircase to the Depths.
 24228 | D:15     | Reached XP level 15. HP: 112/112 MP: 18/18
 24415 | Depths:1 | Entered Level 1 of the Depths
 25169 | Orc:2    | Entered Level 2 of the Orcish Mines
 25169 | Orc:2    | Noticed Dustman's ghost (journeyman HOMo)
 26056 | Orc:1    | Reached skill level 5 in Invocations
 26632 | Orc:1    | Found Pibeitwu's General Store.
 26762 | Orc:2    | Found a staircase to the Elven Halls.
 27046 | Orc:1    | Reached skill level 23 in Stealth
 27256 | Orc:2    | Found a roughly hewn altar of Beogh.
 27394 | Orc:2    | Found a roughly hewn altar of Beogh.
 28104 | Orc:2    | Found Nyucash's Assorted Antiques.
 28104 | Orc:2    | Found Baewimew's General Store.
 28105 | Orc:2    | Found Potouc's General Store.
 28105 | Orc:2    | Found Texi's Armour Shoppe.
 28126 | Orc:2    | Bought a potion of curing for 42 gold pieces
 28126 | Orc:2    | Bought a potion of heal wounds for 70 gold pieces
 28138 | Orc:2    | Bought a scroll of brand weapon for 320 gold pieces
 29102 | Orc:2    | Found Fiydaddy's Antique Weapon Emporium.
 29110 | Orc:2    | Bought a fine trident for 246 gold pieces
 29110 | Orc:2    | Identified the cursed +1 trident "Leclar" {drain, MR+ Str+4 Int+2} (You bought it in a shop on level 2 of the Orcish Mines)
 29220 | Orc:2    | Slain by Dustman's ghost

Skill      XL: |  1  2  3  4  5  6  7  8  9 10 11 12 13 14 15 |
---------------+----------------------------------------------+-----
Stealth        | 6 7 8 9 10 13 15 17 18 21 22 23 | 23.3
Fighting       | 2 3 4 5 6 7 8 9 |  9.5
Dodging        | 2 3 4 5 6 7 8 9 10 11 12 | 12.1
Short Blades   | 3 4 6 8 9 10 11 12 13 | 13.4
Armour         | 2 3 4 5 |  5.8
Throwing       | 2 |  2.3
Hexes          | 4 8 |  8.5
Spellcasting   | 2 |  2.4
Evocations     | 1 |  1.9
Invocations    | 1 4 6 |  6.1

Action                   |  1- 3 |  4- 6 |  7- 9 | 10-12 | 13-15 || total
-------------------------+-------+-------+-------+-------+-------++-------
Melee: Dagger            |   100 |   113 |   127 |       |       ||   340
       Bite              |    10 |    15 |    31 |   118 |   247 ||   421
       Short sword       |       |       |   231 |   870 |  1832 ||  2933
 Fire: Blowgun           |       |       |       |    10 |     1 ||    11
Throw: Tomahawk          |       |       |       |       |     2 ||     2
 Cast: Confuse           |       |       |       |     2 |     1 ||     3
Invok: Shadow Step       |       |       |       |       |     1 ||     1
 Abil: End Transformatio |       |       |     1 |       |       ||     1
       Bat Form          |       |       |     1 |       |       ||     1
Evoke: Wand              |       |       |       |     3 |    16 ||    19
       Lightning rod     |       |       |       |       |     7 ||     7
       Phial of floods   |       |       |       |       |     2 ||     2
  Use: Scroll            |     1 |       |       |    16 |    16 ||    33
       Potion            |       |    12 |     9 |    18 |    36 ||    75
 Stab: Sleeping          |    16 |     8 |    20 |    52 |   114 ||   210
       Distracted        |       |       |     3 |     5 |    28 ||    36
       Paralysed         |       |       |       |     3 |     4 ||     7
       Invisible         |       |       |       |       |     3 ||     3
       Confused          |       |       |       |       |     1 ||     1
  Eat: Corpse            |       |       |     1 |     1 |     7 ||     9
Armor: Robe              |    32 |    18 |     8 |       |       ||    58
       Skin              |       |     5 |       |       |       ||     5
       Leather armour    |       |       |    15 |    64 |    11 ||    90
       Acid dragon scale |       |       |       |       |   131 ||   131
       Fire dragon scale |       |       |       |       |    23 ||    23
Dodge: Dodged            |    67 |   101 |   242 |   546 |  1310 ||  2266
